 Dungeon Sprint DCSS version 0.06-4-g7138dfb037 (webtiles) character file.

Game seed: 7187436050588161739, levelgen mode: deterministic

3300000 petercordia the Acrobat (level 16, -1/157 HPs) Lignifite Demonspawn. Began on June 17, 2022. Was the Champion of Makhleb. Slain by a destroyer ... wielding a +9 great sword of slicing (135 damage) ... in the Dungeon (Sprint VIII: "Arena of Blood"). The game lasted 00:03:47 (33 turns).

petercordia the Acrobat (Lignifite Demonspawn)        Turns: 33, Time: 00:03:48

Health: -1/157     AC:  5    Str: 21    XL:     16 ^: 2425
Magic:  19/30      EV: 25    Int: 15    God:    Makhleb [6* [200]]
Gold:   0          SH:  6    Dex: 12    Spells: 30/31 levels left

rFire    x . .     Slash    .   c - +∞ Axe of Woe
rCold    + . .     Pierce   +   (no weapon)
rNeg     . . .     Bludgeon .   b - +0 robe
rCorr    . . .     Vision   .   (helmet restricted)
rPois    +         Gourm    .   (no cloak)
rElec    .         Faith    .   (gloves unavailable)
MR       +....     Spirit   .   (boots unavailable)
HPRegen  0.62/turn Reflect  .   (no amulet)
MPRegen  0.40/turn Harm     .   (no ring) Stlth ++++++....NoTele +
                                (no ring)

@: no status effects
A: large, unfitting armour, horns 1, cold resistance 1, branches (SH +, roots,
deformed body 1, poison resistance, slow metabolism 1, thorny 1, torment
resistance, plant, woody flesh (rF-) 1, rot immunity, freezing cloud immunity,
barkskin, AC +4
a: Plant Roots, Minor Destruction, Lesser Servant of Makhleb, Major Destruction,
Greater Servant of Makhleb, Renounce Religion


You were in the Dungeon.
You worshipped Makhleb.
Makhleb was exalted by your worship.
You were not hungry.

You visited 1 branch

Inventory:

Weapons
 a - a +0 war axe
 c - the +∞ Axe of Woe (weapon)
   (You found it in the Dungeon)
Armour
 b - a +0 robe (worn)
Scrolls
 j - a scroll of blinking
Potions
 e - a potion of curing
 f - a potion of heal wounds
 g - a potion of haste
 h - 2 potions of magic
 i - a potion of berserk rage
Comestibles
 d - a ration


   Skills:
 + Level 13.4 Fighting
 - Level 19.0 Axes & Hammers
 + Level 26.9 Dodging
 + Level 15.1 Stealth
 + Level 8.1 Spellcasting
 + Level 13.0 Fire Magic
 + Level 19.6 Invocations


You had 30 spell levels left.
You knew the following spells:

 Your Spells              Type           Power        Failure   Level  Hunger
a - Flame Tongue          Fire           30 (30)      1%          1    0

Your spell library contained the following spells:

 Spells                   Type           Power        Failure   Level  Hunger
 Conjure Flame Fire 45 (100) 1% 3 0-58 Slow Hex            6 (100)      12%         1    0
 Blink                    Tloc           N/A          19%         2    0
 Call Imp                 Summ           6 (100)      19%         2    0
 Mephitic Cloud           Pois/Air       6 (100)      34%         3    0-58


Dungeon Overview and Level Annotations

Branches:
Dungeon (1/1)

Altars:
Makhleb


Innate Abilities, Weirdness & Mutations

Your bark is resilient. (AC +4)
You are too large for most types of armour.
You have a pair of horns on your head.
You are cold resistant. (rC+)
A tangle of shorter branches protects your body from attack. (SH +6)
You can plant your roots to grant stasis and boost your AC and Regeneration.
Uprooting yourself takes awhile, however.
Armour fits poorly on your strangely shaped body.
Your system is resistant to poisons. (rPois)
You have a slow metabolism.
You are partially covered in thorns.
You are immune to unholy pain and torment.
You require very little carbon dioxide to survive.
Your woody flesh burns easily. (rF-)
You are immune to rotting.
You are immune to freezing clouds.
Your bark is difficult to pierce. (rPiercing+)


Message History

Makhleb accepts your kill.
Your Fighting skill increases to level 13!
Your Spellcasting skill increases to level 8!
The destroyer blocks your attack.
You slash the large bag of meat (7)!
She is lacerated severely!
You fatally mangle the large bag of meat.
The large bag of meat explodes!
The fiery explosion engulfs the destroyer (16)!
The fiery explosion engulfs you (58)!!! The fire burns you terribly!
The fiery explosion engulfs the large bag of meat (33)!!
Makhleb accepts your kill.
You feel better.
Your Stealth skill increases to level 15!
Your Fire Magic skill increases to level 13!
You are engulfed in blazing flames (5).
You hear a shout! x3
The destroyer is engulfed in blazing flames (4).
The destroyer hits you with a +9 great sword of slicing (135)!!!!
Ouch! That really hurt!
You die...

....#.......#..)..#....
###.......)).#_)<._# .
#....#...)...#.....#
.......#)).)...._.....
.......))§§%...###......
.......)§☼###.......###.
......)o○o○.#.......#
......§o§§.%#.......#
...#.%§§@§...%.......
..#.#.#V§§§.......
..#.#.%O§§.....
..#%#.#........%
...#.#..%%%#o%.%
%............... o##.
.....##.#.V # ....%..
%...


You could see 2 destroyers, a large bag of meat (inner flame) and 4 bags of
meat.

Vanquished Creatures
  5 two-headed ogres (D)
  11 ogres (D)
  25 orcs (D)
41 creatures vanquished.

Notes
Turn   | Place    | Note
-------+----------+-------------------------------------------
     0 | D        | Found the +∞ Axe of Woe
     0 | D        | petercordia the Lignifite Demonspawn began the quest for
                  | the Orb.
     0 | D        | Reached XP level 1. HP: 13/13 MP: 4/4
     2 | D        | Became a worshipper of Makhleb the Destroyer
     3 | D        | Noticed a bag of meat
     3 | D        | Noticed a meat berserker
     3 | D        | Noticed a bag of meat
     4 | D        | Noticed a bag of meat
     4 | D        | Noticed a bag of meat
     6 | D        | Noticed a bag of meat
     7 | D        | Noticed a meat berserker
     8 | D        | Noticed a meat berserker
     8 | D        | Noticed a bag of meat
     9 | D        | Noticed a meat berserker
    10 | D        | Killed a meat berserker
    10 | D        | Reached skill level 15 in Axes & Hammers
    10 | D        | Gained mutation: You are cold resistant. (rC+) [demonic
                  | ancestry]
    10 | D        | Reached XP level 2. HP: 18/18 MP: 5/5
    10 | D        | Reached XP level 3. HP: 23/23 MP: 6/6
    10 | D        | Gained mutation: You are partially covered in thorns.
                  | [demonic ancestry]
    10 | D        | Reached XP level 4. HP: 28/28 MP: 7/7
    10 | D        | Reached XP level 5. HP: 33/33 MP: 8/8
    10 | D        | Reached XP level 6. HP: 43/43 MP: 9/9
    10 | D        | Reached XP level 7. HP: 48/48 MP: 10/10
    10 | D        | Reached XP level 8. HP: 54/54 MP: 11/11
    10 | D        | Reached XP level 9. HP: 59/59 MP: 12/12
    10 | D        | Reached XP level 10. HP: 65/65 MP: 13/13
    11 | D        | Killed a meat berserker
    11 | D        | Reached * piety under Makhleb
    11 | D        | Gained mutation: You are immune to freezing clouds.
                  | [demonic ancestry]
    11 | D        | Reached XP level 11. HP: 44/77 MP: 14/14
    11 | D        | Killed a bag of meat
    12 | D        | Killed a meat berserker
    12 | D        | Reached skill level 7 in Dodging
    12 | D        | Reached skill level 5 in Invocations
    12 | D        | Gained mutation: You can plant your roots to grant stasis
                  | and boost your AC and Regeneration. Uprooting yourself
                  | takes awhile, however. [Lignifite growth]
    12 | D        | Reached XP level 12. HP: 53/86 MP: 14/17
    12 | D        | Killed a bag of meat
    12 | D        | Reached ** piety under Makhleb
    12 | D        | Reached skill level 10 in Dodging
    12 | D        | Noticed a bag of meat
    12 | D        | Noticed a bag of meat
    13 | D        | Noticed a bag of meat
    14 | D        | Noticed a bag of meat
    14 | D        | Noticed a meat berserker
    15 | D        | Noticed a meat berserker
    15 | D        | Noticed a meat berserker
    15 | D        | Noticed a bag of meat
    16 | D        | Noticed a bag of meat
    16 | D        | Noticed a bag of meat
    16 | D        | Noticed a bag of meat
    16 | D        | Noticed a bag of meat
    16 | D        | Noticed a bag of meat
    16 | D        | Noticed a bag of meat
    17 | D        | Noticed a bag of meat
    17 | D        | Noticed a bag of meat
    17 | D        | Noticed a bag of meat
    17 | D        | Noticed a bag of meat
    17 | D        | Noticed a bag of meat
    17 | D        | Noticed a bag of meat
    18 | D        | Killed a meat berserker
    18 | D        | Reached skill level 11 in Dodging
    18 | D        | Reached skill level 5 in Stealth
    18 | D        | Reached skill level 5 in Fire Magic
    18 | D        | Killed a bag of meat
    18 | D        | Reached skill level 12 in Dodging
    18 | D        | Killed a meat berserker
    18 | D        | Reached *** piety under Makhleb
    18 | D        | Reached skill level 13 in Dodging
    18 | D        | Reached skill level 10 in Invocations
    18 | D        | Reached XP level 13. HP: 99/99 MP: 15/21
    18 | D        | Killed a meat berserker
    18 | D        | Reached skill level 14 in Dodging
    18 | D        | Noticed a meat berserker
    18 | D        | Noticed a bag of meat
    18 | D        | Noticed a large bag of meat
    19 | D        | Killed a meat berserker
    19 | D        | Reached skill level 5 in Fighting
    19 | D        | Reached skill level 15 in Dodging
    19 | D        | Noticed a meat berserker
    20 | D        | Noticed a meat berserker
    21 | D        | Killed a bag of meat
    21 | D        | Reached **** piety under Makhleb
    21 | D        | Reached skill level 16 in Dodging
    21 | D        | Killed a bag of meat
    21 | D        | Killed a bag of meat
    21 | D        | Reached skill level 17 in Dodging
    21 | D        | Reached XP level 14. HP: 110/110 MP: 16/24
    22 | D        | Noticed a bag of meat
    22 | D        | Noticed a meat berserker
    22 | D        | Noticed a large bag of meat
    22 | D        | Noticed a bag of meat
    23 | D        | Killed a bag of meat
    23 | D        | Reached skill level 18 in Dodging
    23 | D        | Killed a bag of meat
    23 | D        | Reached ***** piety under Makhleb
    23 | D        | Reached skill level 10 in Stealth
    23 | D        | Killed a bag of meat
    23 | D        | Reached skill level 5 in Spellcasting
    23 | D        | Killed a bag of meat
    23 | D        | Reached skill level 19 in Dodging
    23 | D        | Killed a bag of meat
    23 | D        | Killed a bag of meat
    23 | D        | Reached skill level 20 in Dodging
    23 | D        | Killed a bag of meat
    24 | D        | Noticed a bag of meat
    25 | D        | Killed a large bag of meat
    25 | D        | Reached skill level 21 in Dodging
    25 | D        | Reached skill level 10 in Fire Magic
    25 | D        | Reached skill level 15 in Invocations
    25 | D        | Gained mutation: You have a pair of horns on your head.
                  | [demonic ancestry]
    25 | D        | Reached XP level 15. HP: 100/123 MP: 17/27
    25 | D        | Killed a bag of meat
    25 | D        | Killed a bag of meat
    25 | D        | Killed a meat berserker
    25 | D        | Reached ****** piety under Makhleb
    25 | D        | Reached skill level 22 in Dodging
    26 | D        | Noticed a bag of meat
    26 | D        | Noticed a large bag of meat
    27 | D        | Killed a meat berserker
    27 | D        | Killed a meat berserker
    27 | D        | Killed a bag of meat
    27 | D        | Reached skill level 10 in Fighting
    27 | D        | Reached skill level 23 in Dodging
    27 | D        | Noticed a large bag of meat
    28 | D        | Noticed a large bag of meat
    28 | D        | Noticed a large bag of meat
    28 | D        | Noticed a destroyer
    29 | D        | Killed a bag of meat
    29 | D        | Killed a bag of meat
    29 | D        | Killed a bag of meat
    29 | D        | Reached XP level 16. HP: 148/148 MP: 18/29
    29 | D        | Killed a meat berserker
    29 | D        | Reached skill level 24 in Dodging
    30 | D        | Noticed a bag of meat
    30 | D        | Noticed a bag of meat
    31 | D        | Killed a large bag of meat
    31 | D        | Killed a large bag of meat
    31 | D        | Killed a bag of meat
    31 | D        | Reached skill level 25 in Dodging
    31 | D        | Killed a bag of meat
    31 | D        | Killed a bag of meat
    32 | D        | Noticed a destroyer
    33 | D        | Killed a large bag of meat
    33 | D        | Reached skill level 26 in Dodging
    33 | D        | Killed a bag of meat
    33 | D        | Killed a bag of meat
    33 | D        | Killed a bag of meat
    33 | D        | Killed a large bag of meat
    33 | D        | Reached skill level 15 in Stealth
    33 | D        | Slain by a destroyer

Levels and vault maps discovered:
D:        meatsprint

Skill      XL: |  1  2  3  4  5  6  7  8  9 10 11 12 13 14 15 16 |
---------------+-------------------------------------------------+-----
Axes & Hammers | 15 17 19 | 19.0
Fighting       | 2 4 6 8 10 13 | 13.4
Dodging        | 7 13 17 21 23 26 | 26.9
Stealth        | 3 7 9 11 13 15 | 15.1
Fire Magic     | 3 6 8 10 11 13 | 13.0
Invocations    | 5 10 12 15 17 19 | 19.6
Spellcasting   | 3 4 5 6 8 |  8.1

Action                   |  1- 3 |  4- 6 |  7- 9 | 10-12 | 13-15 | 16-18 || total
-------------------------+-------+-------+-------+-------+-------+-------++-------
Melee: Broad axe         |     1 |       |       |     3 |     6 |     2 ||    12
Dodge: Dodged            |       |       |       |       |     1 |       ||     1
